 Dungeon Crawl Stone Soup version 0.29-a0-323-g050149af67 (webtiles) character file.

Game seed: 1647527936098323520

326 Morbidden the Skirmisher (level 6, -9/48 HPs)
             Began as a Demonspawn Fighter on Apr 12, 2022.
             Was an Initiate of Vehumet.
             Mangled by an ogre
             ... wielding a +0 giant club
              (12 damage)
             ... on level 4 of the Dungeon.
             The game lasted 00:03:01 (3349 turns).

Morbidden the Skirmisher (Demonspawn Fighter)       Turns: 3349, Time: 00:03:02

Health: -9/48      AC: 12    Str: 16    XL:     6   Next: 24%
Magic:  15/15      EV:  4    Int: 12    God:    Vehumet [......]
Gold:   233        SH:  8    Dex: 12    Spells: 5/5 levels left

rFire   . . .      SeeInvis .   b - +6 mace
rCold   . . .      Faith    .   c - +0 buckler
rNeg    . . .      Spirit   .   t - +0 plate armour
rPois   .          Reflect  .   (no helmet)
rElec   .          Harm     .   p - +0 cloak
rCorr   .          Rampage  .   (no gloves)
Will    .....                   (no boots)
Stlth   ..........              (no amulet)
HPRegen 0.16/turn               s - ring of magical power
MPRegen 0.14/turn               (no ring)

@: no status effects
A: large bone plates 1, powered by death 3
a: Renounce Religion


You were on level 4 of the Dungeon.
You worshipped Vehumet.
Vehumet was noncommittal.
You visited 2 branches of the dungeon, and saw 5 of its levels.

You collected 233 gold pieces.

Inventory:

Hand Weapons
 a - a +0 war axe
 b - a +6 mace (weapon)
Armour
 c - a +0 buckler (worn)
 p - a +0 cloak (worn)
 t - a +0 plate armour (worn)
Jewellery
 s - a ring of magical power (left hand)
Scrolls
 e - 2 scrolls of enchant armour {unknown}
 f - 4 scrolls of identify {unknown}
 j - 7 scrolls of teleportation {unknown}
 k - a scroll of magic mapping {unknown}
 m - 2 scrolls of amnesia {unknown}
 o - a scroll of immolation {unknown}
 r - a scroll of torment {unknown}
 u - a scroll of noise {unknown}
 w - 2 scrolls of vulnerability {unknown}
Potions
 d - a potion of might
 g - a potion of degeneration {unknown}
 h - 2 potions of curing {unknown}
 i - a potion of mutation {unknown}
 l - 4 potions of flight {unknown}
 n - a potion of invisibility {unknown}
 q - 2 potions of berserk rage {unknown}
 v - a potion of attraction {unknown}


   Skills:
 * Level 4.0 Fighting
 * Level 3.7(3.9) Axes
 * Level 1.5(2.8) Maces & Flails
 + Level 3.5 Armour
 * Level 1.3 Dodging
 + Level 3.4 Shields


You had 5 spell levels left.
You didn't know any spells.
Your spell library contained the following spells:

 Spells                   Type           Power      Damage    Failure   Level
 Confusing Touch          Hex            0%         N/A       100%        3
 Yara's Violent Unravell  Hex/Tmut       0%         3d3       100%        5
 Enfeeble                 Hex            0%         N/A       100%        7


Dungeon Overview and Level Annotations

Branches:
Dungeon (4/15)             Temple (1/1) D:4

Altars:
Dithmenos
Elyvilon
Fedhas
Gozag
Hepliaklqana
Kikubaaqudgha
Makhleb
Nemelex Xobeh
Okawaru
Qazlal
Ru
Sif Muna
Uskayaw
Vehumet
Wu Jian
Xom
Yredelemnul
Zin
The Shining One

Annotations:
D:4 3 runed translucent doors


Innate Abilities, Weirdness & Mutations

You are partially covered in large bone plates. (SH +4)
You regenerate a lot of health from kills.


Message History

The dart slug is almost dead.
The dart slug launches a dart at you. You block the slug dart.
A dart slug is nearby!
You sock the dart slug!
You kill the dart slug!
Vehumet accepts your kill.
No target in view!
You see here a dart slug corpse.
You open the door.
There is an open door here.
You open the door.
There is an open door here.
w - 2 scrolls labelled KOPSON TUSOCSUF (gained 1)
An ogre comes into view. It is wielding a +0 giant club.
The ogre shouts!
An ogre is nearby!
An ogre is nearby!
The ogre hits you with a +0 giant club!!
An ogre is nearby!
You barely miss the ogre. You block the ogre's attack.
You hit the ogre.
The ogre is lightly wounded.
An ogre is nearby!
You thump the ogre!
The ogre is heavily wounded.
The ogre barely misses you.
You thump the ogre!
The ogre is almost dead.
The ogre hits you with a +0 giant club!!
Ouch! That really hurt!
* * * LOW HITPOINT WARNING * * *
You are too injured to fight recklessly!
You are too injured to fight recklessly!
You are too injured to fight recklessly!
You are too injured to fight recklessly!
You closely miss the ogre.
The ogre is almost dead.
The ogre hits you with a +0 giant club!
You die...

..##.#
#.#
####.#
#.#
.....#
#.#
######
#.# #
#.# #
#.# #
#.# #
#.# #
#@# #
#O# #
#.# #
#.# #
#.# #
#.#
#.#
#.#


You could see an ogre.

Vanquished Creatures
  A phantom (D:3)
  A howler monkey (D:3)
  2 orc wizards (D:4)
  4 gnolls (D:4)
  2 adders (D:2)
  2 worms (D:2)
  5 dart slugs
  11 orcs
  7 ball pythons
  8 bats
  4 endoplasms
  4 giant cockroaches
  6 goblins
  10 hobgoblins
  2 jackals (D:1)
  2 frilled lizards (D:1)
  7 kobolds
  3 rats
81 creatures vanquished.

Notes
Turn   | Place    | Note
-------+----------+-------------------------------------------
     0 | D:1      | Morbidden the Demonspawn Fighter began the quest for the
                  | Orb.
     0 | D:1      | Reached XP level 1. HP: 18/18 MP: 1/1
    96 | D:1      | Gained mutation: You are partially covered in large bone
                  | plates. (SH +4) [demonic ancestry]
    96 | D:1      | Reached XP level 2. HP: 21/24 MP: 2/2
   352 | D:1      | Gained mutation: You regenerate a little health from kills.
                  | [demonic ancestry]
   352 | D:1      | Reached XP level 3. HP: 29/29 MP: 3/3
   580 | D:1      | Found a faded altar of an unknown god.
  1131 | D:2      | Gained mutation: You regenerate health from kills. [demonic
                  | ancestry]
  1131 | D:2      | Reached XP level 4. HP: 35/35 MP: 4/4
  2242 | D:3      | Noticed a phantom
  2251 | D:3      | Killed a phantom
  2252 | D:3      | Reached skill level 1 in Dodging
  2252 | D:3      | Reached XP level 5. HP: 42/42 MP: 5/5
  2769 | D:4      | Found a runed translucent gate.
  2770 | D:4      | Found a runed translucent gate.
  2772 | D:4      | Found a runed translucent gate.
  2829 | D:4      | Reached skill level 1 in Maces & Flails
  2882 | D:4      | Found a staircase to the Ecumenical Temple.
  2905 | D:4      | Gained mutation: You regenerate a lot of health from kills.
                  | [demonic ancestry]
  2905 | D:4      | Reached XP level 6. HP: 48/48 MP: 6/6
  2930 | D:4      | Reached skill level 4 in Fighting
  2940 | Temple   | Entered the Ecumenical Temple
  3159 | Temple   | Became a worshipper of Vehumet
  3349 | D:4      | Mangled by an ogre

Illustrated notes

Levels and vault maps discovered:
D:1:      eino_arrival_cavern_d, layout_rooms,
          dreamdust_ecumenical_altar_sealed_demon
D:2:      wander_river, layout_basic, serial_curves, eino_curves_03,
          eino_curves_02
D:3:      layout_basic, guppyfry_early_orc_mine
D:4:      layout_basic, minmay_temple_entry_ruins, gammafunk_ghost_necromancy
Temple:   mainiacjoe_temple_bowtie_tessellation

Skill      XL: |  1  2  3  4  5  6 |
---------------+-------------------+-----
Shields        | 3 |  3.4
Axes           | 2 3 |  3.7
Armour         | 3 |  3.5
Dodging        | 1 |  1.3
Maces & Flails | 1 |  1.5
Fighting       | 4 |  4.0

Action                   |  1- 3 |  4- 6 || total
-------------------------+-------+-------++-------
Melee: War axe           |   108 |    70 ||   178
       Mace              |       |    85 ||    85
Armor: Scale mail        |    44 |       ||    44
       Plate armour      |    10 |   104 ||   114
Dodge: Dodged            |    46 |    26 ||    72
Block: Buckler           |    39 |    68 ||   107

Table legend: (Time is in decaauts)
 A = Elapsed time spent in this place.
 B = Non-inter-level travel time spent in this place.
 C = Inter-level travel time spent in this place.
 D = Time resting spent in this place.
 E = Time spent auto-exploring this place.
 F = Levels seen in this place.
 G = Mean time per level.
                   A        B        C        D        E       F      G
               +--------+--------+--------+--------+--------+-----+--------+
         Total |   3483 |   3316 |    167 |    209 |   2450 |   5 |  696.6 |
       Dungeon |   3236 |   3094 |    142 |    209 |   2248 |   4 |  809.0 |
        Temple |    246 |    221 |     25 |      0 |    202 |   1 |  246.0 |
               +--------+--------+--------+--------+--------+-----+--------+

Top non-repeatable levels by time:
     D:2: 1207 daAuts
     D:3: 928 daAuts
     D:1: 669 daAuts
     D:4: 432 daAuts
  Temple: 246 daAuts
